 Dungeon Crawl Stone Soup version 0.26-b1-32-g5d43845318 (webtiles) character file.

Game seed: 620716996761735100

93 Dirian the Chopper (level 4, 0/40 HPs)
             Began as a Hill Orc Fighter on Jan 11, 2021.
             Slain by a sky beast (6 damage)
             ... on level 3 of the Dungeon.
             The game lasted 00:03:01 (2043 turns).

Dirian the Chopper (Hill Orc Fighter)               Turns: 2043, Time: 00:03:02

Health: 0/40       AC:  9    Str: 19    XL:     4   Next: 61%
Magic:  4/4        EV:  7    Int:  8    God:
Gold:   178        SH:  9    Dex: 10    Spells: 3/3 levels left

rFire    . . .     SeeInvis .   a - +0 war axe
rCold    . . .     Faith    .   c - +0 kite shield
rNeg     . . .     Spirit   .   b - +0 scale mail
rPois    .         Reflect  .   (no helmet)
rElec    .         Harm     .   m - +1 cloak
rCorr    .         Rampage  .   (no gloves)
Will     .....                  (no boots)
Stlth    ..........             (no amulet)
HPRegen  0.13/turn              (no ring)
MPRegen  0.09/turn              (no ring)

@: mighty
A: no striking features
a: no special abilities


You were on level 3 of the Dungeon.
You visited 1 branch of the dungeon, and saw 3 of its levels.

You collected 178 gold pieces.

Inventory:

Hand Weapons
 a - a +0 war axe (weapon)
 p - a +0 hand axe
Armour
 b - a +0 scale mail (worn)
 c - a +0 kite shield (worn)
 m - a +1 cloak (worn)
Jewellery
 e - an uncursed ring of see invisible {unknown}
 r - an uncursed ring of willpower {unknown}
Scrolls
 f - 2 scrolls of fear {unknown}
 g - 3 scrolls of identify {unknown}
 i - a scroll of enchant weapon {unknown}
 j - 2 scrolls of fog {unknown}
 o - a scroll of magic mapping {unknown}
 q - a scroll of remove curse {unknown}
 s - a scroll of noise {unknown}
 t - 2 scrolls of teleportation {unknown}
Potions
 h - a potion of lignification {unknown}
 k - 2 potions of curing {unknown}
 l - a potion of haste {unknown}
 n - a potion of attraction {unknown}
 u - a potion of heal wounds {unknown}


   Skills:
 + Level 4.3 Fighting
 + Level 4.4 Axes
 + Level 3.9 Armour
 + Level 3.8 Shields


You had 3 spell levels left.
You didn't know any spells.
Your spell library contained the following spells:

 Spells                   Type           Power        Failure   Level
 Corona                   Hex            0%           99%         1
 Ensorcelled Hibernation  Hex/Ice        0%           100%        2
 Confusing Touch          Hex            0%           100%        3
 Dazzling Flash           Conj/Hex       0%           100%        3
 Tukima's Dance           Hex            0%           100%        3


Dungeon Overview and Level Annotations

Branches:
Dungeon (3/15)

Altars:
Makhleb
Vehumet


Message History

You closely miss the sky beast.
The sky beast is moderately wounded.
The sky beast closely misses you.
The sky beast flickers out of sight!
Deactivating autopickup; reactivate with Ctrl-A.
Something hits you but does no damage.
You barely miss something. Something hits you but does no damage.
You barely miss something. Something hits you but does no damage.
You closely miss something. Something hits you but does no damage.
Something hits you.
* * * LOW HITPOINT WARNING * * *
Something shocks you.
* * * LOW HITPOINT WARNING * * *
You miss something. Something hits you but does no damage.
You miss something. Something hits you but does no damage.
You block something's attack.
You feel very mighty all of a sudden.
You miss something. Something hits you.
* * * LOW HITPOINT WARNING * * *
Something shocks you.
You die...

#.............#.#......
###.####.....##.#.#####
## #..........##.#.####
)....##.#.#...##......##
.... +....######......#.
.....##.########........
......................#>
....##.########......##
. #@# #....(..#
##{#######.......##
#.......##.[.......
#.......###########
#)......# #.........
#......... ..........
.#.........


There were no monsters in sight!

Vanquished Creatures
  An adder (D:3)
  2 oozes
  3 worms (D:2)
  2 dart slugs
  A leopard gecko (D:2)
  An orc (D:3)
  2 giant cockroaches
  7 goblins
  6 hobgoblins
  6 jackals
  11 kobolds
  A quokka (D:2)
  A ball python (D:3)
  5 bats
  2 frilled lizards (D:2)
  7 rats
58 creatures vanquished.

Vanquished Creatures (others)
  36 plants (D:1)
36 creatures vanquished.

Grand Total: 94 creatures vanquished

Notes
Turn   | Place    | Note
-------+----------+-------------------------------------------
     0 | D:1      | Dirian the Hill Orc Fighter began the quest for the Orb.
     0 | D:1      | Reached XP level 1. HP: 19/19 MP: 1/1
   118 | D:1      | Reached XP level 2. HP: 27/27 MP: 2/2
   740 | D:2      | Reached XP level 3. HP: 30/33 MP: 3/3
  1286 | D:2      | Found a burning altar of Makhleb.
  1286 | D:2      | Found a radiant altar of Vehumet.
  1473 | D:2      | Reached XP level 4. HP: 27/40 MP: 4/4
  2012 | D:3      | Noticed a sky beast
  2043 | D:3      | Slain by a sky beast

Illustrated notes

Levels and vault maps discovered:
D:1:      saegor_arrival_simple_a, layout_loops_ring, serial_bayou,
          serial_bayou_pond_c, serial_bayou_lagoon_b, serial_bayou_shore_a,
          serial_bayou_lagoon_a, serial_bayou_pond_c, serial_bayou_ford_a
D:2:      layout_loops_cross, amethyst_overflow_temple_binary
D:3:      layout_basic

Skill      XL: |  1  2  3 |
---------------+----------+-----
Axes           | 3 4 |  4.4
Fighting       | 4 |  4.3
Armour         | |  3.9
Shields        | |  3.8

Action                   |  1- 3 |  4- 6 || total
-------------------------+-------+-------++-------
Melee: War axe           |   110 |    63 ||   173
  Use: Potion            |       |     1 ||     1
Armor: Scale mail        |    67 |    46 ||   113
Dodge: Dodged            |    23 |    28 ||    51
Block: Kite shield       |    66 |    33 ||    99
